 Dungeon Crawl Stone Soup version 0.20-a0-738-gb057e68 (webtiles) character file.

107 polly the Bolt Thrower (level 4, -1/23 HPs)
             Began as a Spriggan Hunter on Feb 24, 2017.
             Killed from afar by Natasha (5 damage)
             ... with a magic dart
             ... on level 2 of the Dungeon.
             The game lasted 00:02:37 (2516 turns).

polly the Bolt Thrower (Spriggan Hunter)            Turns: 2516, Time: 00:02:38

Health: -1/23      AC:  2    Str:  8    XL:     4   Next: 57%
Magic:  5/5        EV: 18    Int: 17    God:
Gold:   43         SH:  0    Dex: 17    Spells: 3/3 levels left

rFire    . . .     SeeInvis +   b - +0 short sword
rCold    . . .     Gourm    .   c - +0 robe
rNeg     . . .     Faith    .   (shield restricted)
rPois    .         Spirit   .   (helmet restricted)
rElec    .         Reflect  .   (no cloak)
rCorr    .         Harm     .   (gloves unavailable)
MR       .....                  (boots unavailable)
Stlth    +.........             (no amulet)
Regen    0.1/turn               (no ring)
MPRegen  0.1/turn               (no ring)

@: confused, brilliant, flying, very slightly contaminated, hasted, very quick
A: unfitting armour, see invisible, herbivore 3, speed 3, slow metabolism 2
a: no special abilities


You were on level 2 of the Dungeon.
You were not hungry.

You visited 1 branch of the dungeon, and saw 3 of its levels.

You collected 43 gold pieces.

Inventory:

Hand Weapons
 a - a +1 hand crossbow
 b - a +0 short sword (weapon)
Armour
 c - a +0 robe (worn)
Scrolls
 e - 4 scrolls of identify {unknown}
 h - 3 scrolls of remove curse {unknown}
 l - a scroll of random uselessness {unknown}
Potions
 j - a potion of flight
Comestibles
 f - a bread ration


   Skills:
 + Level 2.2 Fighting
 + Level 5.6 Crossbows
 + Level 3.2 Dodging
 + Level 1.5 Stealth


You had 3 spell levels left.
You didn't know any spells.

Dungeon Overview and Level Annotations

Branches:
Dungeon (3/15)

Altars:
Gozag

Annotations:
D:2 Natasha


Innate Abilities, Weirdness & Mutations

You are very small and have problems with some larger weapons.
You are too small for most types of armour.
You have supernaturally acute eyesight. (SInv)
You are a herbivore.
You cover ground extremely quickly.
You need consume almost no food.


Message History

* * * LOW HITPOINT WARNING * * *
It was a potion of flight.
You feel very buoyant.
You fly up into the air.
Natasha barely misses you.
You feel yourself speed up. Natasha claws you.
* * * LOW HITPOINT WARNING * * *
You are very lightly contaminated with residual magic.
It was a potion of brilliance.
You feel clever all of a sudden.
Natasha stares at you and mumbles some strange words.
You easily resist.
It was a potion of ambrosia.
You are confused.
You feel invigorated. Natasha claws you.
* * * LOW HITPOINT WARNING * * *
You miss Natasha.
Natasha is moderately wounded.
Natasha stares at you and mumbles some strange words.
The magic dart hits you!
You die...

#################
#..........)....#
#.#############.######
#.# #######.#..... #.#
#.......#.#### #.#
#.#...........
#.#######.#.#...#.....
#.#..h#.......#.......
#.##.@#.#.#.#.........
#.#...#.#.#.#.#######.
#.#..##.#...#.....#.#.
#.#.........#.......#.
#.#.###.##..........#.
## #.#†#
#...............
.###########.#.#
########.#.##.#.
...<....%....#.#
#.#.##.#.
.............#.#
########.#.##.#.


You could see Natasha.

Vanquished Creatures
  Natasha (D:3)
  2 adders
  An ooze (D:2)
  3 worms (D:2)
  2 leopard geckos (D:1)
  8 bats
  3 giant cockroaches (D:1)
  A goblin (D:1)
  5 hobgoblins
  9 jackals
  2 ball pythons (D:2)
  3 frilled lizards
  5 kobolds
  2 rats
47 creatures vanquished.

Notes
Turn   | Place    | Note
-------+----------+-------------------------------------------
     0 | D:1      | polly the Spriggan Hunter began the quest for the Orb.
     0 | D:1      | Reached XP level 1. HP: 10/10 MP: 2/2
   114 | D:1      | Reached XP level 2. HP: 13/14 MP: 3/3
   996 | D:2      | Reached XP level 3. HP: 16/18 MP: 4/4
  1219 | D:2      | Reached skill level 5 in Crossbows
  1799 | D:2      | Reached XP level 4. HP: 18/23 MP: 5/5
  1937 | D:3      | Found an opulent altar of Gozag.
  2089 | D:3      | Noticed Natasha
  2096 | D:3      | Killed Natasha
  2222 | D:3      | Noticed Natasha
  2248 | D:3      | Noticed an ogre
  2513 | D:2      | HP: 1/23 [Natasha (3)]
  2516 | D:2      | Killed from afar by Natasha

Vault maps used:
D:1:      tarquinn_simple_flora_water_f, serial_forest,
          infiniplex_forest_straight_4, infiniplex_forest_straight_1,
          infiniplex_forest_clump_double, infiniplex_forest_clump_cross,
          infiniplex_forest_clump_small, infiniplex_forest_straight_5,
          infiniplex_forest_end_2
D:2:      kennysheep_generic_room_6
D:3:      grunt_gozag_breadcrumbs, chequers_ecumenical_altar_simple,
          uniq_natasha

Skill      XL: |  1  2  3 |
---------------+----------+-----
Crossbows      | 5 |  5.6
Fighting       | 2 |  2.2
Dodging        | |  3.2
Stealth        | |  1.5

Action                   |  1- 3 |  4- 6 || total
-------------------------+-------+-------++-------
Melee: Short sword       |       |    11 ||    11
 Fire: Hand crossbow     |    83 |    23 ||   106
  Use: Potion            |       |     4 ||     4
Armor: Robe              |     1 |     8 ||     9
Dodge: Dodged            |    22 |    63 ||    85
